 Dungeon Crawl Stone Soup version 0.27.1-1-g398f81649c (webtiles) character file.

Game seed: 7011642502717814820

137 Waffleater7 the Covered (level 5, -1/69 HPs)
             Began as a Hill Orc Fighter on Sept 16, 2021.
             Slain by a quasit (2 damage)
             ... summoned by Eustachio
             ... on level 4 of the Dungeon.
             The game lasted 00:06:17 (2846 turns).

Waffleater7 the Covered (Hill Orc Fighter)          Turns: 2846, Time: 00:06:19

Health: -1/69      AC: 22    Str: 20      XL:     5   Next: 20%
Magic:  5/5        EV:  2    Int:  8      God:
Gold:   76         SH:  9    Dex:  6 (10) Spells: 4/4 levels left

rFire    . . .     SeeInvis .   a - +0 war axe
rCold    . . .     Faith    .   c - +0 kite shield
rNeg     + + +     Spirit   .   (armour currently unavailable)
rPois    +         Reflect  .   (helmet currently unavailable)
rElec    .         Harm     .   (cloak currently unavailable)
rCorr    .         Rampage  .   (gloves currently unavailable)
Will     .....     NoTele   +   (boots currently unavailable)
Stlth    +.........             (no amulet)
HPRegen  0.21/turn              (no ring)
MPRegen  0.09/turn              (no ring)

@: mighty, tree-form
A: stationary, stasis, torment immunity, boosted hp
a: no special abilities


You were on level 4 of the Dungeon.
You were a tree.
You visited 1 branch of the dungeon, and saw 4 of its levels.

You collected 76 gold pieces.

Inventory:

Hand Weapons
 a - a +0 war axe (weapon)
 g - a +0 war axe
 o - a +0 club
Missiles
 h - 79 stones (quivered)
Armour
 b - a +0 scale mail (melded)
 c - a +0 kite shield (worn)
Magical Staves
 l - a staff of earth
 s - a staff of poison
 t - a staff of earth
Jewellery
 n - a ring of fire
Scrolls
 f - a scroll of enchant weapon
 i - a scroll of teleportation {unknown}
 p - a scroll of fear
 q - a scroll of blinking {unknown}
 v - a scroll of immolation {unknown}
Potions
 j - a potion of flight {unknown}
 k - 2 potions of heal wounds {unknown}
 m - a potion of mutation {unknown}
 r - a potion of attraction {unknown}
 u - a potion of ambrosia {unknown}


   Skills:
 + Level 4.2 Fighting
 + Level 4.0 Axes
 + Level 4.3 Armour
 + Level 0.6 Dodging
 + Level 0.2 Stealth
 + Level 4.3 Shields


You had 4 spell levels left.
You didn't know any spells.
Your spell library contained the following spells:

 Spells                   Type           Power      Damage    Failure   Level
 Sandblast                Erth           0%         2d4       86%         1
 Passwall                 Tmut/Erth      0%         N/A       95%         2
 Ignite Poison            Fire/Tmut/Pois 0%         N/A       99%         3
 Mephitic Cloud           Conj/Pois/Air  0%         N/A       99%         3
 Bolt of Magma            Conj/Fire/Erth 0%         4d4       100%        5
 Lee's Rapid Deconstruct  Erth           0%         3d5*      100%        5


Dungeon Overview and Level Annotations

Branches:
Dungeon (4/15)
 Temple: D:4-7

Altars:
Nemelex Xobeh

Annotations:
D:4 Eustachio


Message History

The iron imp barely misses you. The river rat bites you.
Really quaff the potion of lignification?
You turn into a tree.
Your +0 scale mail melds into your body.
Your roots penetrate the ground.
The quasit disappears in a puff of smoke!
The quasit bites you but does no damage.
The quasit claws you but does no damage. x2
The iron imp hits you.
* * * LOW HITPOINT WARNING * * *
You block the river rat's attack. You block the quasit's attack.
The quasit claws you.
* * * LOW HITPOINT WARNING * * *
You feel clumsy.
The quasit claws you but does no damage.
You slice the iron imp!!
You kill the iron imp!
You miss the quasit. You barely miss the river rat.
The quasit bites you but does no damage.
The quasit claws you but does no damage.
You block the quasit's attack. The river rat bites you.
* * * LOW HITPOINT WARNING * * *
Eustachio hits you with a +0 rapier!
* * * LOW HITPOINT WARNING * * *
The quasit bites you but does no damage.
The quasit claws you but does no damage.
You block the quasit's attack.
You slash Eustachio!
Eustachio is heavily wounded.
You hit the river rat.
Your shield prevents you from hitting the quasit.
The river rat bites you.
* * * LOW HITPOINT WARNING * * *
You block the quasit's attack.
The quasit claws you but does no damage. x2
Eustachio hits you but does no damage. The river rat bites you.
* * * LOW HITPOINT WARNING * * *
The quasit bites you but does no damage.
The quasit claws you.
You die...

..# #..##+#####..##..#
....#...#.........#..#
....#...'.........#..#
....#...#.........#).#
....#...#.........#..#
...##..##..####.###..#
#+#########.###..#
..........@5...#
.........r♣§...#
################


You could see Eustachio, a quasit (summoned) and a river rat (summoned).

Vanquished Creatures
  A hound (D:4)
  3 adders (D:3)
  A worm (D:3)
  A dart slug (D:1)
  2 orcs
  4 bats
  7 endoplasms
  3 giant cockroaches
  9 goblins
  A hobgoblin (D:2)
  11 jackals
  4 quokkas
  8 ball pythons
  3 frilled lizards
  5 kobolds
  6 rats
69 creatures vanquished.

Notes
Turn   | Place    | Note
-------+----------+-------------------------------------------
     0 | D:1      | Waffleater7 the Hill Orc Fighter began the quest for the
                  | Orb.
     0 | D:1      | Reached XP level 1. HP: 19/19 MP: 1/1
   285 | D:1      | Reached XP level 2. HP: 22/27 MP: 2/2
   720 | D:1      | Reached XP level 3. HP: 33/33 MP: 3/3
  1272 | D:2      | Found a faded altar of an unknown god.
  1776 | D:3      | Reached XP level 4. HP: 32/40 MP: 4/4
  2165 | D:3      | Found a sparkling altar of Nemelex Xobeh.
  2688 | D:4      | Reached XP level 5. HP: 34/46 MP: 5/5
  2815 | D:4      | Noticed Eustachio
  2846 | D:4      | HP: 2/69 [river rat[Eustachio] (3)]
  2846 | D:4      | Slain by a quasit

Illustrated notes

Levels and vault maps discovered:
D:1:      scummos_arrival_simple_fountains, layout_loops_corners,
          kennysheep_doodads
D:2:      layout_loops_ring, basic_ecumenical_altar, minmay_misc_feat_ornament
D:3:      layout_loops_ring, nemelex_dance_club_becter
D:4:      cheibrodos_thug_alley, layout_gridville, amcnicky_altar_gilded,
          uniq_eustachio, uniq_edmund

Skill      XL: |  1  2  3  4 |
---------------+-------------+-----
Axes           | 3 4 |  4.0
Fighting       | 4 |  4.2
Shields        | 4 |  4.3
Armour         | 4 |  4.3
Dodging        | |  0.6
Stealth        | |  0.2

Action                   |  1- 3 |  4- 6 || total
-------------------------+-------+-------++-------
Melee: War axe           |   113 |    76 ||   189
  Use: Scroll            |     1 |     2 ||     3
       Potion            |       |     2 ||     2
Armor: Scale mail        |    53 |    85 ||   138
       Skin              |       |    12 ||    12
Dodge: Dodged            |    49 |    69 ||   118
Block: Kite shield       |    83 |    83 ||   166
